 Dungeon Crawl Stone Soup version 0.24-a0-613-g1ff6aac338 (webtiles) character file.

Game seed: 5756564278789327284, levelgen mode: deterministic

117 Arang the Stinger (level 5, 0/32 HPs)
             Began as an Octopode Venom Mage on Sept 11, 2019.
             Succumbed to an adder's poison
             ... on level 3 of the Dungeon.
             The game lasted 00:10:35 (3847 turns).

Arang the Stinger (Octopode Venom Mage)             Turns: 3847, Time: 00:10:35

Health: 0/32       AC:  1    Str:  8    XL:     5   Next: 1%
Magic:  4/8        EV: 11    Int: 18    God:
Gold:   159        SH:  6    Dex: 12    Spells: 5/8 levels left

rFire    . . .     SeeInvis .   d - +0 dagger
rCold    . . .     Gourm    .   j - +0 shield (curse)
rNeg     . . .     Faith    .   (helmet restricted)
rPois    .         Spirit   .   l - amulet of magic regeneration
rElec    .         Reflect  .   (no ring)
rCorr    .         Harm     .   (no ring)
MR       .....                  (no ring)
Stlth    +++.......             (no ring)
HPRegen  0.10/turn              (no ring)
MPRegen  0.36/turn              (no ring)
                                (no ring)
                                (no ring)

@: lethally poisoned (0 -> -9), very slightly contaminated, hasted, very quick
A: almost no armour, stealthy swim, amphibious, 8 rings, constrict 8, camouflage
1, gelatinous body 1
a: no special abilities


You were on level 3 of the Dungeon.
You were very hungry.

You visited 1 branch of the dungeon, and saw 4 of its levels.

You collected 159 gold pieces.

Inventory:

Hand Weapons
 c - a +0 club
 d - a +0 dagger (weapon)
 t - a +0 trident
Missiles
 e - 118 stones (quivered)
 v - 5 javelins
Armour
 j - a cursed +0 shield (worn)
Jewellery
 l - an amulet of magic regeneration (around mantle)
Wands
 u - a wand of flame (23)
Scrolls
 a - a scroll of amnesia {unknown}
 h - 2 scrolls of teleportation {unknown}
 i - 4 scrolls of fear {unknown}
 n - a scroll of fog {unknown}
 o - 2 scrolls of identify {unknown}
 p - a scroll of random uselessness {unknown}
 w - a scroll of enchant weapon {unknown}
 y - a scroll of immolation {unknown}
Potions
 f - a potion of haste
 g - 2 potions of lignification {unknown}
 k - a potion of heal wounds {unknown}
 m - 2 potions of curing {unknown}
 q - 2 potions of mutation {unknown}
 r - 3 potions of degeneration {unknown}
 s - a potion of brilliance {unknown}
Comestibles
 b - 4 rations


   Skills:
 + Level 0.4 Fighting
 * Level 1.5 Short Blades
 - Level 2.3 Dodging
 - Level 2.8 Stealth
 * Level 1.0 Shields
 - Level 0.8 Unarmed Combat
 + Level 2.4 Spellcasting
 - Level 1.0 Conjurations
 * Level 1.4 Air Magic
 + Level 4.5 Poison Magic


You had 5 spell levels left.
You knew the following spells:

 Your Spells              Type           Power        Failure   Level  Hunger
a - Sting                 Conj/Pois      ##..         34%         1    #......
b - Poisonous Vapours     Pois/Air       ##....       43%         2    ##.....

Your spell library contained the following spells:

 Spells                   Type           Power        Failure   Level  Hunger
 Magic Dart               Conj           #...         56%         1    #......
 Searing Ray              Conj           #.....       71%         2    ##.....
 Mephitic Cloud           Conj/Pois/Air  ##......     77%         3    ###....
 Olgreb's Toxic Radiance  Pois           ###.....     85%         4    #####..
 Dazzling Spray           Conj/Hex       #.....       95%         3    ###....
 Force Lance              Conj/Tloc      #.......     100%        4    #####..
 Fulminant Prism          Conj/Hex       #.........   100%        4    #####..
 Iskenderun's Mystic Bla  Conj           #.......     100%        4    #####..
 Venom Bolt               Conj/Pois      ##........   100%        5    ######.


Dungeon Overview and Level Annotations

Branches:
Dungeon (4/15)
 Temple: D:4-7

Altars:


Innate Abilities, Weirdness & Mutations

You cannot wear most types of armour.
You are very stealthy in the water. (Stealth+)
You are amphibious.
You can wear up to eight rings at the same time.
You can use your tentacles to constrict eight enemies at once.
Your skin changes colour to match your surroundings (Stealth+).
Your rubbery body absorbs attacks. (AC +1, EV +1)


Message History

Press: ? - help, Dir - move target cursor, f/p - adder
Aim: an adder (lightly wounded, poisoned)
You miscast Poisonous Vapours.
Ouch! You feel a sudden electric shock. The adder bites you.
You are poisoned.
The adder poisons you! The adder bites you.
* * * LOW HITPOINT WARNING * * *
You miss the adder. Your grab misses the adder.
The adder is moderately wounded.
You feel sick. The adder bites you.
* * * LOW HITPOINT WARNING * * *
You are lethally poisoned!
The adder poisons you!
Unknown command.
You hit the adder. Your grab misses the adder.
The adder is severely wounded.
The adder bites you.
* * * LOW HITPOINT WARNING * * *
It was a potion of haste.
You feel yourself speed up.
You die...

########.# ### .........#
#.##### ##########
#.....# # #.###.# # #.#
#.# # #.###.#### #
#........#
#################.##.####
...............S@..#....#
########.#######.#.#....#
# #.# #.#.#....#########
###### #.#
#.#...............
.....###'#####
#.###....#########
####.#.......# #......###
####.#.......# #..#...#
...#.#.......# #..#...#
.............# #..#...#


You could see an adder.

Vanquished Creatures
  A worker ant (D:4)
  2 adders (D:3)
  A worm (D:2)
  2 dart slugs (D:1)
  3 leopard geckos
  2 orcs
  A ball python (D:4)
  4 giant cockroaches
  9 goblins
  11 hobgoblins
  10 kobolds
  5 bats
  3 frilled lizards
  9 rats
63 creatures vanquished.

Vanquished Creatures (others)
  A plant (D:1)
1 creature vanquished.

Grand Total: 64 creatures vanquished

Notes
Turn   | Place    | Note
-------+----------+-------------------------------------------
     0 | D:1      | Arang the Octopode Venom Mage began the quest for the Orb.
     0 | D:1      | Reached XP level 1. HP: 11/11 MP: 3/3
   369 | D:1      | Reached XP level 2. HP: 17/17 MP: 3/5
   402 | D:1      | Reached skill level 4 in Poison Magic
   617 | D:1      | Learned a level 2 spell: Poisonous Vapours
   636 | D:1      | Reached XP level 3. HP: 16/21 MP: 6/6
  1818 | D:2      | Reached skill level 1 in Air Magic
  2143 | D:2      | Found a faded altar of an unknown god.
  2479 | D:3      | Reached XP level 4. HP: 27/27 MP: 7/7
  2751 | D:3      | Reached skill level 1 in Short Blades
  3487 | D:4      | Reached skill level 1 in Shields
  3680 | D:4      | Noticed a slave
  3727 | D:4      | Reached XP level 5. HP: 22/32 MP: 1/8
  3831 | D:4      | Noticed an orc warrior
  3846 | D:3      | HP: 1/32 [adder (5)]
  3847 | D:3      | Succumbed to an adder's poison

Levels and vault maps discovered:
D:1:      dpeg_arrival_rooms_b, layout_loops_ring, st_stairs_9,
          lexackson_kobold_supper
D:2:      layout_loops_ring, chequers_ecumenical_altar_island
D:3:      layout_basic
D:4:      layout_rooms, grunt_temple_overflow_open, first_ration,
          hangedman_decor_lopped, uniq_pikel, uniq_crazy_yiuf_cottage

Skill      XL: |  1  2  3  4 |
---------------+-------------+-----
Poison Magic   | 4 |  4.5
Air Magic      | 1 |  1.4
Short Blades   | 1 |  1.5
Shields        | 1 |  1.0
Fighting       | |  0.4
Dodging        | |  2.3
Stealth        | |  2.8
Unarmed Combat | |  0.8
Spellcasting   | |  2.4
Conjurations   | |  1.0

Action                   |  1- 3 |  4- 6 || total
-------------------------+-------+-------++-------
Melee: Unarmed           |    11 |       ||    11
       Constrict         |    30 |    11 ||    41
       Tentacles         |    39 |     6 ||    45
       Club              |     1 |       ||     1
       Dagger            |   160 |    46 ||   206
       Punch             |     1 |       ||     1
 Cast: Sting             |    11 |       ||    11
       Poisonous Vapours |     6 |     8 ||    14
Evoke: Wand              |       |     1 ||     1
  Use: Potion            |       |     1 ||     1
 Stab: Sleeping          |     8 |     4 ||    12
  Eat: Chunk             |     5 |     5 ||    10
Armor: Skin              |     5 |     4 ||     9
Dodge: Dodged            |    34 |    23 ||    57
Block: Shield            |     9 |    14 ||    23

Table legend:
 A = Non-vault XP
 B = Vault XP
 C = Vault XP percentage of total XP
 D = Non-vault monster count
 E = Vault monster count
 F = Vault count percentage of total count
                 A         B        C        D         E       F
            +---------+---------+-------+---------+---------+-------
      Total |     153 |      15 |   8.9 |      53 |      10 |  15.9
            +---------+---------+-------+---------+---------+-------
        D:1 |      44 |      15 |  25.4 |      23 |      10 |  30.3
        D:2 |      22 |       0 |   0.0 |      12 |       0 |   0.0
        D:3 |      45 |       0 |   0.0 |      14 |       0 |   0.0
        D:4 |      42 |       0 |   0.0 |       4 |       0 |   0.0
            +---------+---------+-------+---------+---------+-------
